Match 44163122
Unlisted

Match 44163122
End
Construct Infanterie Kompanie
Selects Breakthrough Battlegroup
Selects Assault Grenadiers
Grenadier Squad
Grenadier Squad
Grenadier Squad
MG 42 Machine Gun Team
Infanterie Officer Quarters
Selects Breakthrough
Construct Luftwaffe Kompanie
GrW 34 Mortar Team
Jäger Squad
Medical Station
Selects Mechanized Assault Group
Mechanized Assault Group
Support Elements
Luftwaffe Officer Quarters
Wirbelwind Flakpanzer
Selects Rapid Production
pagep
7k this year for sure
Nukite
Dåsen
0
0

Comments sign in to comment!

No comments posted yet!